 Dungeon Crawl Stone Soup version 0.32-a0-913-g739538afd8 (webtiles) character file.

Game seed: 13536600611448303113

1767 Autsider the Apothecary (level 9, -1/79 HPs)
             Began as a Naga Alchemist on Apr 7, 2024.
             Was a Follower of Cheibriados.
             Slain by a wraith (7 damage)
             ... on level 7 of the Dungeon.
             The game lasted 00:22:36 (7220 turns).

Autsider the Apothecary (Naga Alchemist)            Turns: 7220, Time: 00:22:37

Health: -1/79      AC:  8    Str: 24    XL:     9   Next: 7%
Magic:  15/16      EV:  8    Int: 19    God:    Cheibriados [*.....]
Gold:   379        SH:  0    Dex: 16    Spells: 6/18 levels left

rFire   . . .        l - +0 hand axe (drain)
rCold   . . .        (no shield)
rNeg    . . .        v - +0 leather armour "Quaf Gum" {Str+5}
rPois   +            t - +0 helmet
rElec   .            k - +2 cloak {Stlth+}
rCorr   +            (no gloves)
SInv    +            (no barding)
Will    +....        (no amulet)
Stlth   ++++         e - +6 ring of strength
HPRegen 0.33/turn    z - ring of resist corrosion
MPRegen 0.15/turn

%: no passive effects
@: slowed, very slow
A: AC +3, large, see invisible, deformed body, poison resistance, slowness 2,
spit poison 1, naga tail 1
a: Spit Poison, Renounce Religion, Bend Time


You were on level 7 of the Dungeon.
You worshipped Cheibriados.
Cheibriados was aware of your devotion.
You visited 2 branches of the dungeon, and saw 8 of its levels.

You collected 379 gold pieces.

Inventory:

Hand Weapons
 l - a +0 hand axe of draining (weapon)
 x - a +2 vampiric scythe
Armour
 a - a +0 robe
 i - a +3 leather armour
 k - a +2 cloak of stealth (worn)
 r - a +0 tower shield
 t - a +0 helmet (worn)
 v - the +0 leather armour "Quaf Gum" (worn) {Str+5}
   (You found it on level 4 of the Dungeon)

   Str+5:     It affects your strength (+5).
 B - +2 swamp dragon scales
 E - the +0 robe "Laon" {Int+3}
   (You found it on level 7 of the Dungeon)

   Int+3:     It affects your intelligence (+3).
Magical Staves
 p - a staff of cold
Jewellery
 e - a +6 ring of strength (left hand)
 z - a ring of resist corrosion (right hand)
Talismans
 j - a beast talisman
Wands
 m - a wand of quicksilver (10)
 s - a wand of polymorph (4)
 D - a wand of warping (10)
Scrolls
 g - 4 scrolls of noise
 n - a scroll of immolation
 o - a scroll of fear
 q - a scroll of torment
 u - a scroll of teleportation {@r2}
 y - a scroll of blinking
Potions
 b - a potion of magic
 c - a potion of enlightenment {unknown}
 d - 2 potions of degeneration
 f - 4 potions of brilliance
 h - a potion of haste {unknown}
 A - 2 potions of lignification {unknown}
 C - 3 potions of might


   Skills:
 + Level 4.5 Fighting
 + Level 1.3 Armour
 - Level 1.5 Dodging
 + Level 4.3 Stealth
 - Level 5.0 Spellcasting
 - Level 4.0 Conjurations
 + Level 1.7 Translocations
 - Level 4.0 Air Magic
 + Level 7.9 Alchemy


You had 6 spell levels left.
You knew the following spells:

 Your Spells              Type           Power      Damage    Failure   Level
a - Sting                 Conj/Alch      100%       1d9       1%          1
b - Mercury Vapours       Alch/Air       54%        N/A       1%          2
c - Olgreb's Toxic Radia  Alch           34%        N/A       5%          4
w - Mephitic Cloud        Conj/Alch/Air  24%        N/A       4%          3
z - Blink                 Tloc           22%        N/A       11%         2

Your spell library contained the following spells:

 Spells                   Type           Power      Damage    Failure   Level
 Momentum Strike          Conj/Tloc      30%        3d8       7%          2
 Lesser Beckoning         Tloc           22%        N/A       11%         2
 Sublimation of Blood     Necr           4%         N/A       22%         2
 Maxwell's Portable Pile  Tloc           11%        2d(6-16)  22%         3
 Petrify                  Alch/Erth      19%        N/A       28%         4
 Sticky Flame             Fire/Alch      19%        2d6       28%         4
 Irradiate                Conj/Alch      13%        3d16      34%         5
 Arcjolt                  Conj/Air       9%         1d19      58%         5
 Maxwell's Capacitive Co  Air            9%         ∞         100%        8


Dungeon Overview and Level Annotations

Branches:
Dungeon (7/15)             Temple (1/1) D:5

Altars:
Ashenzari
Cheibriados
Elyvilon
Fedhas
Gozag
Qazlal
Ru
Uskayaw
Xom
The Shining One

Annotations:
D:5 3 runed translucent doors, picklenugget's ghost, novice OnWr


Innate Abilities, Weirdness & Mutations

Your serpentine skin is tough. (AC +3)
You have supernaturally acute eyesight. (SInv)
Armour fits poorly on your strangely shaped body.
Your system is resistant to poisons. (rPois)
You cover ground very slowly.
You can spit poison.
You have a snake-like lower body.


Message History

The wraith barely misses you. The wraith attacks as it pursues you!
The wraith closely misses you. x2
The wraith barely misses you.
Casting: Mercury Vapours (safe; 1% risk of failure)
Confirm with . or Enter, or press ? or * to list all spells.
You feel jittery for a moment. The wraith hits you!
* * * LOW HITPOINT WARNING * * *
The wraith drains your vigour!
You feel as though you will be slow longer.
You feel better. The wraith hits you.
* * * LOW HITPOINT WARNING * * *
The wraith drains your vigour!
You feel as though you will be slow longer.
The wraith hits you.
* * * LOW HITPOINT WARNING * * *
You hit the wraith.
The wraith is heavily damaged.
The wraith barely misses you. x2
You hit the wraith.
The wraith is severely damaged.
The wraith hits you but does no damage.
You closely miss the wraith.
The wraith is severely damaged.
You feel ready to blink again. The wraith hits you!
* * * LOW HITPOINT WARNING * * *
The wraith barely misses you.
You hit the wraith but do no damage.
The wraith is severely damaged.
The wraith hits you but does no damage. The wraith hits you.
* * * LOW HITPOINT WARNING * * *
The wraith drains your vigour!
You feel as though you will be slow longer.
You feel better. The wraith hits you.
* * * LOW HITPOINT WARNING * * *
The wraith drains your vigour!
You feel as though you will be slow longer.
The wraith hits you!
You die...
Cheibriados appreciates the motionlessness of death.

#################
................#
##########.#######.#
#..........# #.#
#..##.#.#.###
####.###### #.######
#.......... ##.#.#@#
#.)........ ##.#W##
#..))...... ####.#
####.###### #.## #.#
#..# #.# .......##
#.# ########
...####.######
..............
...####.######


You could see a wraith.

Vanquished Creatures
  Maggie (D:6)
  Sigmund (D:5)
  Menkaure (D:5)
  2 orc warriors (D:7)
  An ogre (D:5)
  A scorpion (D:4)
  A wight (D:7)
  A howler monkey (D:5)
  3 bombardier beetles
  A gnoll bouda (D:3)
  6 hounds
  A jelly (D:6)
  Crazy Yiuf (D:2)
  Ijyb (D:3)
  Natasha (thrice) (D:2)
  3 orc wizards
  A sleepcap (D:6)
  An iguana (D:5)
  9 adders
  2 white imps
  2 ribbon worms
  21 orcs
  9 endoplasms
  A giant cockroach (D:3)
  8 goblins
  6 hobgoblins
  9 jackals
  2 quokkas (D:1)
  6 ball pythons
  5 bats
  3 frilled lizards (D:2)
  3 kobolds
  7 rats
123 creatures vanquished.

Notes
Turn   | Place    | Note
-------+----------+-------------------------------------------
     0 | D:1      | Autsider the Naga Alchemist began the quest for the Orb.
     0 | D:1      | Reached XP level 1. HP: 15/15 MP: 3/3
   332 | D:1      | Reached XP level 2. HP: 22/22 MP: 3/5
   364 | D:1      | Reached skill level 4 in Alchemy
   973 | D:2      | Reached XP level 3. HP: 22/28 MP: 2/6
  1041 | D:2      | Noticed Natasha
  1106 | D:2      | Killed Natasha
  1189 | D:2      | Reached skill level 1 in Air Magic
  1189 | D:2      | Reached XP level 4. HP: 36/36 MP: 5/7
  1342 | D:2      | Found a runed translucent door.
  1343 | D:2      | Noticed Crazy Yiuf
  1775 | D:2      | Noticed Natasha
  1781 | D:2      | Killed Natasha
  1806 | D:2      | Noticed Natasha
  1815 | D:2      | Killed Natasha
  1816 | D:2      | Reached skill level 5 in Alchemy
  1816 | D:2      | Reached XP level 5. HP: 25/42 MP: 0/8
  1820 | D:2      | Learned a level 3 spell: Mephitic Cloud
  2091 | D:2      | Killed Crazy Yiuf
  2443 | D:3      | Noticed Ijyb
  2451 | D:3      | Killed Ijyb
  2859 | D:3      | Reached XP level 6. HP: 43/45 MP: 4/9
  3351 | D:3      | Reached skill level 1 in Fighting
  3701 | D:3      | Found a faded altar of an unknown god.
  4208 | D:4      | Reached XP level 7. HP: 57/57 MP: 5/10
  4212 | D:4      | Identified the +0 leather armour "Quaf Gum" {Str+5}
  4458 | D:5      | Entered Level 5 of the Dungeon
  4479 | D:5      | Found a shimmering altar of Xom.
  4643 | D:5      | Noticed picklenugget's ghost (novice OnWr)
  4650 | D:5      | Found a runed translucent gate.
  4650 | D:5      | Found a runed translucent gate.
  4650 | D:5      | Found a runed translucent gate.
  4713 | D:5      | Noticed Sigmund
  4721 | D:5      | Killed Sigmund
  4722 | D:5      | Reached skill level 6 in Alchemy
  4878 | D:5      | Found a staircase to the Ecumenical Temple.
  4910 | Temple   | Entered the Ecumenical Temple
  4921 | Temple   | Became a worshipper of Cheibriados the Contemplative
  4976 | D:5      | Reached XP level 8. HP: 69/69 MP: 9/13
  5120 | D:5      | Found an opulent altar of Gozag.
  5135 | D:5      | Noticed Menkaure
  5160 | D:5      | Killed Menkaure
  5505 | D:6      | Noticed Maggie
  5519 | D:6      | HP: 3/72 [Maggie/bolt of fire (16)]
  5521 | D:6      | Killed Maggie
  5522 | D:6      | Reached skill level 5 in Spellcasting
  5522 | D:6      | Reached skill level 7 in Alchemy
  5750 | D:6      | Learned a level 2 spell: Mercury Vapours
  5755 | D:6      | Learned a level 4 spell: Olgreb's Toxic Radiance
  5758 | D:6      | Learned a level 2 spell: Blink
  5819 | D:6      | Found a blossoming altar of Fedhas.
  5893 | D:6      | Found a white marble altar of Elyvilon.
  6604 | D:7      | Reached skill level 1 in Translocations
  6616 | D:6      | Reached * piety under Cheibriados
  6767 | D:7      | Identified the +0 robe "Laon" {Int+3}
  6806 | D:7      | Reached skill level 1 in Armour
  6811 | D:7      | Reached XP level 9. HP: 18/79 MP: 3/16
  7219 | D:7      | HP: 2/79 [wraith (5)]
  7220 | D:7      | Slain by a wraith

Illustrated notes

Levels and vault maps discovered:
D:1:      dpeg_arrival_round_a, layout_rooms
D:2:      layout_loops_ring, uniq_natasha, uniq_crazy_yiuf_cottage
D:3:      minmay_chambers_of_threes, layout_basic, basic_ecumenical_altar,
          minmay_misc_feat_pillars, uniq_ijyb
D:4:      layout_rooms
D:5:      layout_rooms, mainiacjoe_overflow_six_doors_small,
          grunt_gozag_statues, minmay_temple_entry_fiery, gammafunk_ghost_split,
          corner_web_ring, uniq_menkaure, uniq_sigmund
D:6:      layout_cave_pods, mainiacjoe_overflow_catwalk,
          nicolae_overflow_crystal_walls, serial_glass, glass_columns_a,
          glass_columns_a, uniq_maggie
D:7:      layout_basic, enter_bailey_3, minmay_small_thing
Temple:   nicolae_temple_ecumenical_triangle

Skill      XL: |  1  2  3  4  5  6  7  8 |
---------------+-------------------------+-----
Alchemy        | 4 5 6 7 |  7.9
Conjurations   | 2 3 4 |  4.0
Air Magic      | 1 2 3 4 |  4.0
Fighting       | 1 3 4 |  4.5
Spellcasting   | 3 5 |  5.0
Translocations | 1 |  1.7
Armour         | 1 |  1.3
Stealth        | 4 |  4.3
Dodging        | |  1.5

Action                     |  1- 3 |  4- 6 |  7- 9 || total
---------------------------+-------+-------+-------++-------
  Melee: Unarmed           |     7 |       |       ||     7
         Dagger            |    20 |    16 |       ||    36
         Hand axe          |       |    71 |    60 ||   131
   Cast: Sting             |    36 |   102 |    96 ||   234
         Mephitic Cloud    |       |     6 |    10 ||    16
         Mercury Vapours   |       |       |     8 ||     8
         Blink             |       |       |     1 ||     1
Ability: Spit Poison       |     2 |     5 |     2 ||     9
         Begin Untransform |       |     1 |       ||     1
  Evoke: Wand              |       |       |     7 ||     7
    Use: Scroll            |       |       |    11 ||    11
         Potion            |       |       |     2 ||     2
   Stab: Confused          |       |     1 |     3 ||     4
         Sleeping          |       |     1 |       ||     1
 Armour: Robe              |    21 |    75 |    31 ||   127
         Leather armour    |       |       |    74 ||    74
  Dodge: Dodged            |    15 |    46 |    38 ||    99
   Form: Beast             |       |     1 |       ||     1

Table legend: (Time is in decaauts)
 A = Elapsed time spent in this place.
 B = Non-inter-level travel time spent in this place.
 C = Inter-level travel time spent in this place.
 D = Time resting spent in this place.
 E = Time spent auto-exploring this place.
 F = Levels seen in this place.
 G = Mean time per level.
                   A        B        C        D        E       F      G
               +--------+--------+--------+--------+--------+-----+--------+
         Total |   9230 |   8973 |    257 |    769 |   6852 |   8 | 1153.8 |
       Dungeon |   9203 |   8972 |    231 |    769 |   6852 |   7 | 1314.7 |
        Temple |     27 |      2 |     25 |      0 |      0 |   1 |   27.0 |
               +--------+--------+--------+--------+--------+-----+--------+

Top non-repeatable levels by time:
     D:3: 2014 daAuts
     D:6: 1683 daAuts
     D:2: 1636 daAuts
     D:5: 1296 daAuts
     D:1: 1140 daAuts
     D:7: 731 daAuts
     D:4: 701 daAuts
  Temple: 27 daAuts
